 Dungeon Crawl Stone Soup version 0.30-a0-748-ge6a52f7cba (webtiles) character file.

Game seed: 7751190149012082175

1285 Dittersdorf the Covered (level 8, -1/52 HPs)
             Began as a Gargoyle Fighter on Feb 8, 2023.
             Was a Follower of Okawaru.
             Slain by Maggie
             ... wielding a +3 broad axe of flaming
              (2 damage)
             ... on level 6 of the Dungeon.
             The game lasted 00:05:19 (4831 turns).

Dittersdorf the Covered (Gargoyle Fighter)          Turns: 4831, Time: 00:05:20

Health: -1/52      AC: 20    Str: 22    XL:     8   Next: 55%
Magic:  8/8        EV:  9    Int:  9    God:    Okawaru [*.....]
Gold:   212        SH:  5    Dex:  9    Spells: 7/7 levels left

rFire   . . .      SeeInvis +    u - +0 morningstar (heavy)
rCold   . . .      Faith    .    c - +0 buckler
rNeg    + . .      Spirit   .    b - +0 scale mail
rPois   ∞          Reflect  .    p - +0 helmet
rElec   +          Harm     .    (no cloak)
rCorr   .          Rampage  .    A - +1 pair of gloves
Will    .....                    (no boots) Stlth
                                 (no amulet)
HPRegen 0.28/turn                g - ring of see invisible
MPRegen 0.11/turn                t - +4 ring of protection

@: no status effects
A: sickness immunity, AC +5, negative energy resistance 1, electricity
resistance, torment resistance 1, petrification resistance
a: Renounce Religion, Heroism


You were on level 6 of the Dungeon.
You worshipped Okawaru.
Okawaru was aware of your devotion.
You visited 1 branch of the dungeon, and saw 6 of its levels.

You collected 212 gold pieces.

Inventory:

Hand Weapons
 u - a +0 heavy morningstar (weapon)
Armour
 b - a +0 scale mail (worn)
 c - a +0 buckler (worn)
 p - a +0 helmet (worn)
 A - a +1 pair of gloves (worn)
Jewellery
 g - a ring of see invisible (left hand)
 t - a +4 ring of protection (right hand)
 v - a ring of protection from cold
Wands
 d - a wand of flame (42)
 C - a wand of roots (20)
Scrolls
 a - a scroll of silence
 e - 4 scrolls of poison
 f - 3 scrolls of teleportation
 h - a scroll of magic mapping {unknown}
 j - 2 scrolls of enchant weapon {unknown}
 k - a scroll of vulnerability {unknown}
 m - 2 scrolls of fear {unknown}
 o - a scroll of amnesia {unknown}
 r - a scroll of summoning {unknown}
 y - a scroll of noise {unknown}
 z - a scroll of blinking {unknown}
 D - 2 scrolls of fog {unknown}
 E - a scroll of torment {unknown}
 G - a scroll of identify
Potions
 i - 3 potions of flight {unknown}
 l - 2 potions of curing {unknown}
 n - 2 potions of degeneration {unknown}
 q - a potion of lignification {unknown}
 s - 2 potions of magic
 w - a potion of resistance
 x - a potion of brilliance
 B - 2 potions of haste {unknown}
 F - a potion of mutation {unknown}


   Skills:
 + Level 6.4 Fighting
 + Level 5.3 Maces & Flails
 + Level 6.4 Armour
 + Level 6.4 Shields


You had 7 spell levels left.
You didn't know any spells.
Your spell library contained the following spells:

 Spells                   Type           Power      Damage    Failure   Level
 Hailstorm                Conj/Ice       0%         3d3       98%         3
 Inner Flame              Hex/Fire       0%         N/A       98%         3
 Flame Wave               Conj/Fire      0%         2d4       100%        4
 Ice Form                 Ice/Tmut       0%         N/A       100%        4
 Sticky Flame             Conj/Fire      0%         2d3       100%        4
 Simulacrum               Ice/Necr       Unusable   N/A       N/A         6

Dungeon Overview and Level Annotations

Branches:
Dungeon (6/15)
 Temple: D:4-7

Altars:
Gozag
Okawaru
Wu Jian
The Shining One

Shops:
D:2 =

Annotations:
D:6 Maggie


Innate Abilities, Weirdness & Mutations

You are immune to sickness and miasma.
Your stone body is resilient. (AC +5)
You are immune to poison.
You resist negative energy. (rN+)
You are resistant to electric shocks. (rElec)
You are resistant to unholy torment.
You are immune to petrification.


Message History

You completely miss Maggie. Maggie hits you but does no damage.
Maggie gestures wildly while chanting.
Maggie draws you further into her thrall.
You barely miss Maggie. Maggie barely misses you. Maggie closely misses you.
You barely miss Maggie.
Maggie hits you with a +3 broad axe of flaming!
Maggie burns you.
You barely miss Maggie. Maggie gestures at you while chanting.
The bolt of fire misses you.
Maggie hits you with a +3 broad axe of flaming.
Maggie burns you.
You closely miss Maggie. Maggie hits you but does no damage.
Maggie completely misses you.
You barely miss Maggie. Maggie casts a spell at you.
The bolt of fire misses you. You block Maggie's attack.
You hit Maggie.
Maggie is lightly wounded.
Maggie hits you but does no damage.
Maggie hits you with a +3 broad axe of flaming.
Maggie burns you.
You hit Maggie.
Maggie is lightly wounded.
Maggie hits you but does no damage. x2
You barely miss Maggie.
Maggie is lightly wounded.
You break out of your daze.
Maggie hits you with a +3 broad axe of flaming!
Maggie burns you.
* * * LOW HITPOINT WARNING * * *
Maggie gestures at you while chanting. The bolt of fire hits you!
* * * LOW HITPOINT WARNING * * *
You closely miss Maggie.
Maggie is lightly wounded.
Maggie hits you with a +3 broad axe of flaming!
* * * LOW HITPOINT WARNING * * *
Maggie burns you.
You die...

###### #.# ...
##~~~~## ##.#
#..###~~~~~~###..#####
#.....~~........[.....
#....~~.............##
#...~....~~.....#.#.#
#...~..§~..~....#.#.#
#....~~....~....#.# #
#....@..⌠~~.......#
#...@..~~⌠........#
........~....~~...#.#
#..#....~..~~..~..#.#
## #.....~~....~..# #
#.........~~...#
#..$.....~~....#
...###~~~~~~###.# #..
##~~~~## .


You could see Maggie.

Vanquished Creatures
  Pikel (D:6)
  Sigmund (D:2)
  Menkaure (D:5)
  A black bear (D:5)
  A lemure (D:6)
  2 scorpions (D:5)
  A jelly (D:6)
  A hound (D:6)
  Ijyb (D:5)
  5 iguanas
  4 gnolls
  4 adders
  3 ufetubi (D:5)
  A worm (D:2)
  2 dart slugs
  4 orcs (D:5)
  5 ball pythons
  7 endoplasms
  4 giant cockroaches
  8 goblins
  3 hobgoblins
  A jackal (D:3)
  2 quokkas
  6 bats
  A frilled lizard (D:2)
  6 kobolds
  6 rats
82 creatures vanquished.

Vanquished Creatures (others)
  A plant (D:2)
1 creature vanquished.

Grand Total: 83 creatures vanquished

Notes
Turn   | Place    | Note
-------+----------+-------------------------------------------
     0 | D:1      | Dittersdorf the Gargoyle Fighter began the quest for the
                  | Orb.
     0 | D:1      | Reached XP level 1. HP: 14/14 MP: 1/1
   129 | D:1      | Reached XP level 2. HP: 6/19 MP: 2/2
   862 | D:2      | Reached XP level 3. HP: 22/23 MP: 3/3
  1402 | D:2      | Noticed Sigmund
  1409 | D:2      | Killed Sigmund
  1410 | D:2      | Reached XP level 4. HP: 26/30 MP: 4/4
  1410 | D:2      | Reached XP level 5. HP: 29/34 MP: 5/5
  1434 | D:2      | Found Lulan's Jewellery Emporium.
  1944 | D:3      | Reached XP level 6. HP: 39/39 MP: 6/6
  3565 | D:5      | Entered Level 5 of the Dungeon
  3576 | D:5      | Noticed Menkaure
  3585 | D:5      | Killed Menkaure
  3586 | D:5      | Reached skill level 5 in Fighting
  3586 | D:5      | Reached skill level 5 in Armour
  3586 | D:5      | Reached skill level 5 in Shields
  3593 | D:5      | Reached XP level 7. HP: 30/44 MP: 7/7
  3850 | D:5      | Noticed Ijyb
  3858 | D:5      | Killed Ijyb
  4557 | D:6      | Found an ornate altar of the Wu Jian Council.
  4577 | D:6      | Found an opulent altar of Gozag.
  4577 | D:6      | Found an iron altar of Okawaru.
  4578 | D:6      | Found a glowing golden altar of the Shining One.
  4585 | D:6      | Became a worshipper of Warmaster Okawaru
  4599 | D:6      | Noticed Pikel
  4609 | D:6      | Killed Pikel
  4609 | D:6      | Reached * piety under Okawaru
  4610 | D:6      | Reached skill level 5 in Maces & Flails
  4610 | D:6      | Reached XP level 8. HP: 32/52 MP: 8/8
  4813 | D:6      | Noticed Maggie
  4831 | D:6      | HP: 1/52 [Maggie/+3 broad axe of flaming (7)]
  4831 | D:6      | Slain by Maggie

Illustrated notes

Levels and vault maps discovered:
D:1:      minmay_arrival_plants_in_alcoves, layout_rooms,
          dreamdust_mushroom_princess, nicolae_figureground_pulse
D:2:      layout_basic, serial_shops, shop, serial_bayou_lake_a, uniq_sigmund
D:3:      layout_loops_ring, serial_aquarium, aquarium_bridge_square
          [aquarium_subvault_wall, aquarium_subvault_bridge,
          aquarium_subvault_wall, aquarium_subvault_bridge], aquarium_window_2,
          aquarium_window_corner, aquarium_view_2d, aquarium_balcony_5b,
          aquarium_pool_2, grunt_ministairs_3, minmay_checkerbox
D:4:      layout_loops_corners
D:5:      layout_cave_pods, minmay_misc_feat_alley, uniq_ijyb, uniq_menkaure
D:6:      cheibrodos_helix_gallery, layout_basic, minitemple,
          minmay_fountain_box, nicolae_concentric_dashed_squares_mild,
          uniq_pikel, uniq_maggie

Skill      XL: |  1  2  3  4  5  6  7 |
---------------+----------------------+-----
Fighting       | 4 5 6 |  6.4
Maces & Flails | 3 4 5 |  5.3
Armour         | 4 5 6 |  6.4
Shields        | 4 5 6 |  6.4

Action                     |  1- 3 |  4- 6 |  7- 9 || total
---------------------------+-------+-------+-------++-------
  Melee: Flail             |    94 |    51 |       ||   145
         Morningstar       |       |    72 |    72 ||   144
    Use: Potion            |     1 |       |       ||     1
         Scroll            |       |     5 |     1 ||     6
 Armour: Scale mail        |    78 |    89 |    75 ||   242
  Dodge: Dodged            |    45 |    58 |    55 ||   158
  Block: Buckler           |    24 |    22 |    27 ||    73

Table legend: (Time is in decaauts)
 A = Elapsed time spent in this place.
 B = Non-inter-level travel time spent in this place.
 C = Inter-level travel time spent in this place.
 D = Time resting spent in this place.
 E = Time spent auto-exploring this place.
 F = Levels seen in this place.
 G = Mean time per level.
                   A        B        C        D        E       F      G
               +--------+--------+--------+--------+--------+-----+--------+
         Total |   5067 |   4690 |    377 |    238 |   3557 |   6 |  844.5 |
       Dungeon |   5067 |   4690 |    377 |    238 |   3557 |   6 |  844.5 |
               +--------+--------+--------+--------+--------+-----+--------+

Top non-repeatable levels by time:
     D:2: 1144 daAuts
     D:5: 1023 daAuts
     D:4: 931 daAuts
     D:1: 842 daAuts
     D:3: 818 daAuts
     D:6: 307 daAuts
